Map: Ephemeron LE

Players

NORTHAMERICA - Winner!

  • Race: Protoss Protoss
  • League: Grandmaster
  • Spawn Location: 5:00

llllllllllll

  • Race: Zerg Zerg
  • League: Master
  • Spawn Location: 11:00

VOD

Have the link to the VOD?

Description

Time

  • Played on: Jan. 31, 2020, 3:19 a.m.
  • Length: 12:50
Show
View Real Time Build Order
Export as new Build Order

NORTHAMERICA Protoss - Winner!

Build Orders: 1 Gate Expand, Oracle Opening, Phoenix Opening, Archon Immortal 

Get SALT Encoding   

  12  0:01  Probe  
  13  0:13  Probe  
  14  0:19  Pylon  
  14  0:25  Probe  
  15  0:37  Probe (Chrono Boost)  
  15  0:38  Gateway  
  16  0:48  Assimilator, Probe (Chrono Boost)  
  17  0:53  Probe (Chrono Boost)  
  18  1:04  Probe  
  19  1:16  Probe  
  20  1:24  Nexus  
  20  1:34  Cybernetics Core  
  20  1:38  Probe  
  21  1:44  Assimilator  
  21  1:50  Probe  
  21  1:52  Pylon  
  22  2:02  Probe  
  23  2:08  Adept (Chrono Boost)  
  23  2:10  Probe  
  26  2:18  Probe  
  26  2:22  Stargate  
  27  2:28  Probe  
  27  2:36  Probe (Chrono Boost)  
  29  2:39  Stalker  
  29  2:41  Warp Gate  
  32  2:45  Probe (Chrono Boost)  
  32  2:48  Probe (Chrono Boost)  
  33  2:54  Probe (Chrono Boost)  
  33  2:55  Probe (Chrono Boost)  
  35  3:03  Probe  
  35  3:05  Probe  
  37  3:08  Phoenix (Chrono Boost)  
  39  3:15  Probe  
  39  3:18  Gateway  
  40  3:23  Probe  
  40  3:24  Oracle (Chrono Boost), Pylon  
  44  3:28  Probe  
  45  3:34  Assimilator  
  45  3:35  Probe  
  45  3:36  Assimilator  
  46  3:42  Probe  
  46  3:47  Pylon  
  46  3:48  Probe  
  48  3:54  Oracle (Chrono Boost), Probe  
  52  4:00  Probe  
  53  4:04  Pylon  
  53  4:07  Probe  
  54  4:12  Probe  
  54  4:14  Pylon  
  55  4:19  Probe  
  57  4:24  Probe  
  57  4:25  Robotics Facility  
  57  4:31  Probe  
  58  4:32  Adept x2  
  58  4:37  Nexus  
  62  4:43  Pylon, Probe (Chrono Boost)  
  62  4:45  Probe (Chrono Boost)  
  64  4:47  Pylon  
  64  4:52  Probe (Chrono Boost)  
  66  4:53  Probe (Chrono Boost), Sentry  
  66  4:54  Sentry  
  66  4:57  Probe (Chrono Boost)  
  71  5:05  Probe  
  72  5:09  Probe  
  73  5:17  Adept x2  
  73  5:18  Probe  
  76  5:23  Probe  
  76  5:27  Forge  
  75  5:30  Probe, Twilight Council  
  72  5:35  Probe  
  72  5:44  Probe (Chrono Boost)  
  72  5:47  Observer (Chrono Boost)  
  74  5:50  Probe (Chrono Boost)  
  74  5:51  Gateway  
  74  5:52  Gateway, Probe (Chrono Boost)  
  74  5:53  Adept x2  
  74  5:54  Gateway  
  80  5:58  Shield Battery  
  80  6:00  Probe x2 (Chrono Boost)  
  76  6:04  Protoss Ground Weapons Level 1 (Chrono Boost)  
  76  6:06  Probe  
  76  6:09  Charge (Chrono Boost)  
  77  6:11  Probe  
  77  6:15  Templar Archives  
  77  6:16  Adept x2  
  77  6:18  Gateway  
  82  6:20  Probe  
  82  6:21  Probe  
  82  6:23  Immortal (Chrono Boost)  
  84  6:27  Photon Cannon  
  88  6:34  Probe  
  88  6:37  Assimilator  
  89  6:42  Assimilator  
  89  6:44  Pylon  
  89  6:50  Robotics Facility  
  89  6:51  Pylon  
  89  6:53  Immortal (Chrono Boost)  
  89  6:54  Pylon  
  89  6:56  Zealot  
  89  6:57  Zealot  
  97  7:07  Probe  
  98  7:14  Photon Cannon  
  98  7:15  Shield Battery, Sentry  
  98  7:17  High Templar x3, Gateway  
  98  7:18  High Templar, Gateway  
  98  7:22  Immortal (Chrono Boost)  
  108  7:23  Archon  
  108  7:24  Archon  
  112  7:33  Stalker  
  114  7:38  Photon Cannon x2  
  114  7:40  Immortal (Chrono Boost)  
  114  7:43  High Templar  
  120  7:45  Psionic Storm  
  120  7:46  Pylon  
  120  7:50  High Templar  
  122  7:53  Warp Prism  
  122  7:54  Pylon  
  122  7:57  Pylon  
  124  7:59  Pylon  
  124  8:07  High Templar  
  124  8:11  Zealot x3  
  132  8:16  Protoss Ground Weapons Level 2 (Chrono Boost)  
  132  8:21  Probe  
  133  8:31  Nexus, Zealot  
  133  8:33  Immortal  
  137  8:38  Zealot  
  138  8:42  Probe  
  138  8:45  Fleet Beacon  
  139  8:51  Zealot x2  
  139  8:52  Zealot x2  
  139  8:55  Pylon  
  141  9:03  High Templar x2  
  141  9:05  Zealot  
  141  9:06  Zealot  
  149  9:12  Stargate  
  149  9:15  Pylon  
  149  9:16  Pylon  
  149  9:17  Zealot x4  
  157  9:26  High Templar  
  157  9:30  Photon Cannon  
  159  9:32  Photon Cannon  
  159  9:33  Shield Battery  
  159  9:34  Mothership (Chrono Boost)  
  159  9:42  Carrier (Chrono Boost)  
  165  9:48  Probe  
  165  9:51  Assimilator  
  168  9:55  Assimilator  
  168  9:57  Carrier (Chrono Boost)  
  168  10:05  Warp Prism  
  168  10:13  Zealot x4  
  164  10:30  Carrier (Chrono Boost)  
  160  10:49  Zealot x2  
  164  10:50  Zealot x6  
  174  11:09  Carrier (Chrono Boost)  
  174  11:10  Pylon  
  174  11:13  Photon Cannon  
  174  11:14  Zealot x4, Shield Battery  
  182  11:19  Shield Battery  
  178  11:27  High Templar x4  
  178  11:31  Archon  
  178  11:32  Archon  
  184  11:34  Carrier (Chrono Boost)  
  184  11:51  High Templar x2, Shield Battery  
  184  11:52  Zealot x2  
  190  11:57  Observer (Chrono Boost)  
  184  12:01  Zealot x2, Archon  
  184  12:02  Zealot x2  
  184  12:05  Observer (Chrono Boost)  
  184  12:07  Pylon  
  182  12:09  Shield Battery  
  182  12:17  Stalker x2  
  190  12:23  Stalker x2  
  190  12:24  Stalker  
  188  12:38  Zealot x3  
Show
View Real Time Build Order
Export as new Build Order

llllllllllll Zerg 

Build Orders: Hatch First 

Get SALT Encoding   

  12  0:02  Drone  
  13  0:11  Drone  
  14  0:16  Overlord  
  14  0:35  Drone x3  
  17  0:54  Hatchery  
  16  1:00  Drone  
  16  1:02  Drone  
  18  1:13  Spawning Pool  
  18  1:16  Drone  
  18  1:19  Drone  
  18  1:22  Extractor  
  18  1:29  Drone  
  19  1:40  Drone  
  20  1:50  Overlord  
  20  1:59  Queen  
  22  2:06  Zergling x2  
  23  2:09  Queen, Drone  
  23  2:14  Drone  
  27  2:18  Drone  
  28  2:24  Metabolic Boost  
  28  2:27  Zergling x2  
  29  2:31  Drone  
  30  2:43  Hatchery  
  29  2:45  Drone x2  
  31  2:57  Drone  
  31  2:58  Drone x2  
  34  3:01  Overlord  
  34  3:05  Overlord  
  34  3:17  Overlord  
  34  3:18  Drone x2  
  36  3:21  Queen  
  38  3:33  Drone x3  
  41  3:36  Spore Crawler  
  40  3:42  Drone x5  
  47  3:55  Queen, Drone x3  
  50  4:04  Overlord  
  51  4:10  Drone x3  
  51  4:11  Overlord  
  51  4:13  Drone x2  
  55  4:18  Overlord  
  55  4:26  Zergling x6  
  55  4:28  Lair  
  55  4:30  Spore Crawler  
  57  4:32  Spore Crawler  
  57  4:37  Drone  
  57  4:38  Drone x4  
  61  4:42  Overlord  
  61  4:43  Drone x4  
  65  4:47  Extractor  
  65  4:48  Roach Warren  
  65  4:50  Extractor, Drone x2  
  64  4:54  Overlord  
  64  4:56  Overlord  
  64  5:09  Overlord  
  60  5:21  Zergling x22  
  61  5:32  Drone x3  
  62  5:43  Drone  
  62  5:44  Drone x5  
  62  5:47  Glial Reconstitution  
  67  5:50  Spire  
  67  5:51  Drone x5  
  67  5:55  Extractor  
  62  6:05  Drone  
  62  6:06  Drone x2  
  63  6:11  Extractor  
  63  6:18  Drone x6  
  63  6:19  Drone x3  
  71  6:28  Zergling x10  
  76  6:33  Evolution Chamber  
  76  6:34  Overlord  
  76  6:35  Baneling Nest  
  76  6:37  Roach  
  77  6:42  Roach x2  
  77  6:43  Overlord  
  77  6:44  Overlord  
  81  6:51  Overlord  
  81  6:55  Roach x2  
  81  6:56  Roach x7  
  99  7:06  Zerg Melee Weapons Level 1  
  99  7:10  Overlord  
  99  7:12  Drone  
  99  7:13  Overlord x2, Drone x2  
  99  7:14  Hatchery  
  101  7:17  Centrifical Hooks  
  101  7:29  Zergling x2  
  102  7:30  Zergling x14  
  109  7:43  Roach  
  109  7:44  Roach x5  
  121  7:47  Overlord x2  
  121  7:49  Drone x3  
  124  7:51  Drone  
  124  7:52  Drone x2  
  127  8:04  Zergling x2  
  127  8:05  Zergling x6  
  130  8:14  Infestation Pit  
  129  8:20  Hatchery, Drone x9  
  129  8:21  Overlord x2  
  135  8:30  Roach x4  
  135  8:34  Baneling x8  
  141  8:38  Spore Crawler  
  140  8:42  Zergling x14  
  140  8:43  Hatchery  
  145  8:49  Zergling x6  
  146  9:00  Zergling x12  
  151  9:04  Baneling x7  
  151  9:05  Baneling x14  
  151  9:06  Hive  
  151  9:07  Extractor  
  151  9:08  Spire, Zergling x8  
  153  9:11  Drone x2  
  155  9:19  Zergling x4  
  155  9:20  Pneumatized Carapace  
  155  9:21  Burrow  
  155  9:23  Baneling  
  155  9:24  Baneling x10  
  157  9:31  Zergling x16  
  165  9:40  Spore Crawler  
  164  9:50  Zergling x6  
  164  9:51  Zergling x22  
  177  9:58  Zergling x2  
  177  9:59  Zergling x10  
  172  10:04  Spine Crawler  
  165  10:07  Drone  
  165  10:08  Zerg Melee Weapons Level 2, Drone  
  165  10:11  Zergling x16  
  171  10:24  Zergling x8  
  171  10:25  Zergling x4  
  171  10:27  Baneling x7  
  167  10:40  Zergling x2  
  167  10:41  Zergling x4  
  170  10:46  Drone x14  
  170  10:49  Greater Spire  
  184  10:54  Spine Crawler x2  
  180  11:05  Corruptor x9  
  180  11:09  Overlord  
  189  11:35  Corruptor x5  
  189  11:38  Drone  
  199  11:45  Hatchery  
  189  11:51  Spine Crawler  
  189  11:52  Spine Crawler  
  179  11:57  Overseer x2  
  174  12:04  Zergling x2  
  174  12:05  Zergling x14  
  164  12:24  Zergling x12  
  164  12:25  Zergling x26  
Tags
 
Add a new tag
Caveats
  • Supply blocks, unpowered buildings, or Contaminate may cause inaccurate times.
  • Supply counts are checked every 10 seconds.